Map: Celestial Enclave LE

Players

Mythshaker

  • Race: Protoss Protoss
  • Spawn Location: 7:00

DXHF - Winner!

  • Race: Zerg Zerg
  • League: Gold
  • Spawn Location: 1:00

VOD

Have the link to the VOD?

Description

Time

  • Played on: Nov. 24, 2025, 1 a.m.
  • Length: 11:30
Show
View Real Time Build Order
Export as new Build Order

Mythshaker Protoss 

Build Orders:  

Get SALT Encoding   

  12  0:02  Probe  
  13  0:15  Pylon  
  13  0:19  Probe  
  14  0:35  Gateway  
  14  0:38  Assimilator  
  14  0:41  Probe  
  15  0:49  Probe  
  16  0:57  Probe  
  17  1:05  Probe  
  18  1:13  Probe  
  19  1:24  Probe  
  19  1:27  Cybernetics Core  
  20  1:51  Probe  
  21  2:02  Probe  
  21  2:03  Nexus  
  21  2:06  Assimilator  
  22  2:10  Probe  
  23  2:22  Pylon  
  23  2:37  Stalker  
  23  2:40  Probe  
  26  2:47  Shield Battery  
  26  3:23  Pylon  
  26  3:27  Warp Gate  
  26  3:30  Nexus  
  26  3:32  Probe  
  27  3:38  Stalker  
  29  3:50  Probe  
  30  3:57  Forge  
  30  4:03  Probe  
  30  4:05  Stalker  
  30  4:09  Shield Battery  
  33  4:15  Probe  
  34  4:27  Probe  
  34  4:30  Twilight Council  
  33  4:49  Stalker  
  35  5:00  Pylon  
  35  5:08  Photon Cannon  
  35  5:16  Stalker  
  20  5:38  Probe  
  21  5:43  Stalker  
  21  5:46  Probe  
  21  5:47  Protoss Shields Level 1  
  21  5:48  Probe  
  23  5:55  Probe  
  23  5:56  Probe  
  27  6:06  Probe  
  27  6:08  Probe  
  29  6:15  Pylon  
  29  6:18  Probe  
  30  6:20  Probe  
  30  6:21  Gateway  
  21  6:44  Probe  
  21  6:53  Probe  
  22  6:59  Nexus  
  23  7:02  Probe  
  23  7:07  Photon Cannon  
  24  7:09  Shield Battery  
  24  7:14  Probe  
  25  7:23  Pylon  
  25  7:26  Probe  
  26  7:37  Nexus  
  26  7:38  Probe  
  26  7:43  Stalker  
  26  7:44  Protoss Ground Armor Level 1  
  29  7:51  Probe  
  24  8:08  Zealot  
  24  8:09  Zealot  
  23  8:29  Probe  
  24  8:37  Probe  
  24  8:42  Zealot x2  
  24  8:46  Probe  
  30  8:57  Probe  
  30  8:59  Probe  
  32  9:05  Probe  
  33  9:11  Probe  
  33  9:14  Probe  
  33  9:16  Assimilator  
  34  9:23  Probe  
  36  9:24  Probe  
  37  9:35  Probe  
  37  9:37  Pylon  
  38  9:47  Probe  
  38  9:50  Zealot  
  38  9:52  Zealot  
  43  9:59  Probe  
  44  10:02  Photon Cannon  
  44  10:03  Shield Battery  
  44  10:11  Probe  
  45  10:20  Stalker  
  35  10:22  Stalker  
  33  10:42  Pylon  
  19  10:44  Pylon x2  
  19  10:47  Pylon  
  16  10:53  Forge  
  16  11:06  Gateway  
  5  11:21  Nexus  
Show
View Real Time Build Order
Export as new Build Order

DXHF Zerg - Winner!

Build Orders: Hatch First 

Get SALT Encoding   

  12  0:00  Drone  
  13  0:08  Drone  
  14  0:17  Overlord  
  14  0:23  Extractor  
  14  0:24  Drone  
  15  0:45  Hatchery  
  15  0:47  Drone  
  15  0:51  Drone  
  16  1:07  Spawning Pool  
  16  1:09  Extractor  
  14  1:16  Drone  
  14  1:18  Drone  
  16  1:29  Drone  
  16  1:31  Drone  
  18  1:39  Drone  
  19  1:49  Overlord  
  19  1:56  Queen  
  21  2:07  Zergling x2  
  22  2:09  Queen  
  22  2:12  Drone  
  22  2:14  Drone  
  26  2:25  Drone x3  
  29  2:40  Metabolic Boost  
  29  2:46  Roach Warren  
  28  3:02  Drone  
  28  3:03  Drone x5  
  34  3:18  Queen  
  36  3:22  Overlord  
  36  3:34  Lair  
  36  3:45  Zergling x16  
  36  3:47  Overlord  
  44  4:05  Queen  
  47  4:17  Drone x6  
  47  4:22  Hatchery  
  50  4:41  Drone  
  50  4:43  Overlord x6  
  51  4:48  Extractor  
  51  4:51  Extractor  
  51  4:52  Extractor  
  47  5:24  Zergling x2  
  47  5:25  Zergling x22  
  52  5:41  Drone  
  52  5:42  Drone x2  
  55  5:53  Evolution Chamber  
  54  6:00  Hydralisk Den  
  54  6:01  Drone x2  
  54  6:02  Drone x4  
  59  6:08  Extractor  
  58  6:11  Zergling x2  
  58  6:12  Zergling x20  
  68  6:32  Zergling x4  
  68  6:33  Hydralisk x3  
  71  6:44  Muscular Augments  
  70  6:52  Zerg Ground Armor Level 1  
  70  6:56  Drone  
  70  6:57  Drone x9  
  80  7:07  Drone  
  80  7:08  Drone  
  82  7:16  Queen x3  
  88  7:25  Overseer x2  
  88  7:27  Hatchery  
  87  7:47  Drone x5  
  92  7:52  Grooved Spines  
  92  7:53  Hydralisk x7  
  92  7:55  Evolution Chamber  
  100  8:08  Hydralisk x2  
  100  8:09  Overlord x2, Hydralisk  
  100  8:10  Overlord x2  
  105  8:38  Zerg Missile Weapons Level 1  
  105  8:44  Infestation Pit  
  104  8:49  Hydralisk x4  
  104  8:50  Hydralisk x8  
  128  9:21  Lurker Den  
  127  9:25  Hive  
  127  9:28  Spore Crawler  
  127  9:29  Drone  
  127  9:30  Drone x11  
  138  9:31  Spine Crawler  
  137  9:49  Overlord x5  
  137  9:50  Overlord  
  137  10:01  Overseer, Pneumatized Carapace  
  137  10:03  Burrow  
  132  10:25  Hydralisk  
  132  10:26  Hydralisk x10  
  150  10:40  Hydralisk  
  150  10:41  Hydralisk x6  
Tags
 
Add a new tag
Caveats
  • Supply blocks, unpowered buildings, or Contaminate may cause inaccurate times.
  • Supply counts are checked every 10 seconds.